 Dungeon Crawl Stone Soup version 0.28.0 (webtiles) character file.

Game seed: 17093725078231312938

966 dolemite99 the Grappler (level 7, -1/52 HPs)
             Began as a Demonspawn Fighter on Feb 13, 2022.
             Was a Believer of Dithmenos.
             Slain by an ogre (13 damage)
             ... while paralysed by an orc
             ... on level 5 of the Dungeon.
             The game lasted 00:05:29 (7353 turns).

dolemite99 the Grappler (Demonspawn Fighter)        Turns: 7353, Time: 00:05:30

Health: -1/52      AC: 11    Str: 19    XL:     7   Next: 93%
Magic:  16/16      EV:  2    Int:  9    God:    Dithmenos [**....]
Gold:   273        SH:  0    Dex: 12    Spells: 6/6 levels left

rFire   . . .      SeeInvis .     - Unarmed
rCold   . . .      Faith    .   c - +0 buckler
rNeg    . . .      Spirit   .   h - +0 chain mail
rPois   .          Reflect  .   i - +1 helmet
rElec   .          Harm     .   (no cloak)
rCorr   +          Rampage  .   (no gloves)
Will    .....                   (no boots)
Stlth   ..........              (no amulet)
HPRegen 0.17/turn               o - ring of resist corrosion
MPRegen 0.15/turn               r - ring of magical power

@: paralysed, marked, wreathed by umbra
A: claws 1, sturdy frame 1, demonic magic 1
a: Renounce Religion, Shadow Step


You were on level 5 of the Dungeon.
You worshipped Dithmenos.
Dithmenos was pleased with you.
You visited 1 branch of the dungeon, and saw 5 of its levels.

You collected 273 gold pieces.

Inventory:

Hand Weapons
 a - a +0 rapier of venom
 g - a +3 hand axe
Missiles
 j - 39 sling bullets
 m - 171 stones
 q - 4 poisoned darts (quivered)
Armour
 b - a +0 scale mail
 c - a +0 buckler (worn)
 h - a +0 chain mail (worn)
 i - a +1 helmet (worn)
Jewellery
 d - a ring of flight
 o - a ring of resist corrosion (left claw)
 r - a ring of magical power (right claw)
Wands
 t - a wand of iceblast (6)
Scrolls
 e - 6 scrolls of identify {@r1}
 l - a scroll of enchant armour {unknown}
 n - a scroll of magic mapping
 s - a scroll of vulnerability {unknown}
Potions
 f - 2 potions of curing
 k - a potion of mutation
 p - a potion of magic {unknown}


   Skills:
 - Level 3.0 Fighting
 - Level 2.5 Short Blades
 - Level 2.6 Armour
 - Level 2.6 Shields
 + Level 8.0 Unarmed Combat


You had 6 spell levels left.
You didn't know any spells.
Your spell library contained the following spells:

 Spells                   Type           Power      Damage    Failure   Level
 Summon Small Mammal      Summ           0%         N/A       98%         1
 Blink                    Tloc           0%         N/A       99%         2
 Corpse Rot               Necr/Air       0%         N/A       99%         2
 Poisonous Vapours        Pois/Air       0%         N/A       99%         2
 Call Canine Familiar     Summ           0%         N/A       100%        3
 Confusing Touch          Hex            0%         N/A       100%        3
 Summon Guardian Golem    Hex/Summ       0%         N/A       100%        3
 Tukima's Dance           Hex            0%         N/A       100%        3
 Anguish                  Hex/Necr       0%         N/A       100%        4
 Manifold Assault         Tloc           0%         N/A       100%        5
 Yara's Violent Unravell  Hex/Tmut       0%         3d3       100%        5
 Enfeeble                 Hex            0%         N/A       100%        7
 Storm Form               Tmut/Air       0%         N/A       100%        7


Dungeon Overview and Level Annotations

Branches:
Dungeon (5/15)             Temple (0/1) D:5

Altars:
Dithmenos
Nemelex Xobeh
Wu Jian


Innate Abilities, Weirdness & Mutations

You have sharp fingernails.
Your movements are slightly less encumbered by armour. (ER -2)
Spells you cast may paralyse adjacent enemies.


Message History

A hobgoblin comes into view. It is wielding a +0 scythe.
A hobgoblin is nearby!
A hobgoblin is nearby!
You see here a scroll labelled ITEJUE JEWUI.
l - a scroll labelled ITEJUE JEWUI You block the hobgoblin's attack.
An ogre comes into view. It is wielding a +0 giant club.
You feel a little less mighty now.
The hobgoblin hits you but does no damage.
You scratch the hobgoblin but do no damage.
The hobgoblin barely misses you.
You claw the hobgoblin!
You kill the hobgoblin!
Dithmenos accepts your kill.
An orc comes into view.
It is wielding a +0 scythe and carrying a wand of paralysis (4).
Things that are here:
a +0 scythe; a +0 robe; a hobgoblin corpse You throw a poisoned dart.
The poisoned dart hits the ogre.
You block the ogre's attack.
You barely miss the ogre.
The orc hits you from afar with a +0 scythe.
The ogre closely misses you.
You scratch the ogre but do no damage. The orc barely misses you.
You claw the ogre!
The ogre is moderately wounded.
The ogre barely misses you.
The orc zaps a wand.
You resist with some effort.
You barely miss the ogre.
The ogre is moderately wounded.
The orc barely misses you. The ogre barely misses you.
You scratch the ogre but do no damage.
The ogre is moderately wounded.
You claw the ogre!
The ogre is almost dead.
The orc zaps a wand.
You suddenly lose the ability to move!
The ogre hits you with a +0 giant club!!
The orc hits you but does no damage. The ogre hits you with a +0 giant club!
* * * LOW HITPOINT WARNING * * *
The orc zaps a wand.
You resist with some effort. The ogre hits you with a +0 giant club!
You die...

####..................#.... #..
#..##....##................ #..#
.......#...........#.......#.#.##
......####.........#.............
......#..###............. .......
......'..# #...........[###......
......#..###...##(.......##......
......####.....)O...#............
....#...........@.o..............
#...###..........................
#..#.............................
####.........................##..
#..............................
#..............................
###................)............
##............####........##.....
#.............# #..###...# .....


You could see an ogre and an orc.

Vanquished Creatures
  Grinder (D:3)
  Sigmund (D:5)
  A necrophage (D:5)
  An ogre (D:5)
  2 water moccasin skeletons
  A centaur skeleton (D:5)
  An orc priest (D:3)
  Terence (D:3)
  An iguana (D:4)
  A hound skeleton (D:5)
  Robin (D:3)
  6 adders
  4 gnolls (D:3)
  A shadow imp (D:5)
  A white imp (D:5)
  A worm (D:2)
  2 dart slugs
  6 orcs
  4 endoplasms (D:1)
  A giant cockroach (D:2)
  13 goblins
  12 hobgoblins
  7 jackals
  2 quokkas
  12 ball pythons
  6 bats
  4 frilled lizards
  7 kobolds
  10 rats
111 creatures vanquished.

Notes
Turn   | Place    | Note
-------+----------+-------------------------------------------
     0 | D:1      | dolemite99 the Demonspawn Fighter began the quest for the
                  | Orb.
     0 | D:1      | Reached XP level 1. HP: 18/18 MP: 1/1
   164 | D:1      | Gained mutation: You have sharp fingernails. [demonic
                  | ancestry]
   164 | D:1      | Reached XP level 2. HP: 24/24 MP: 2/2
   455 | D:1      | Found a faded altar of an unknown god.
   459 | D:1      | Prayed at the altar of an unknown god.
   459 | D:1      | Became a worshipper of Dithmenos the Shadowed
   459 | D:1      | Reached * piety under Dithmenos
   501 | D:1      | Reached skill level 1 in Unarmed Combat
   885 | D:1      | Gained mutation: Your movements are slightly less
                  | encumbered by armour. (ER -2) [demonic ancestry]
   885 | D:1      | Reached XP level 3. HP: 21/29 MP: 3/3
  1349 | D:2      | Reached skill level 2 in Unarmed Combat
  1831 | D:2      | Reached ** piety under Dithmenos
  2375 | D:3      | Noticed Terence
  2388 | D:3      | Killed Terence
  2389 | D:3      | Reached skill level 3 in Unarmed Combat
  2389 | D:3      | Gained mutation: Spells you cast may paralyse adjacent
                  | enemies. [demonic ancestry]
  2389 | D:3      | Reached XP level 4. HP: 30/35 MP: 4/4
  2962 | D:3      | Reached XP level 5. HP: 41/41 MP: 5/5
  2983 | D:3      | Reached skill level 4 in Unarmed Combat
  3100 | D:3      | HP: 2/41 [gnoll (4)]
  3740 | D:3      | Noticed Robin
  3903 | D:3      | Killed Robin
  4488 | D:3      | Noticed Grinder
  4488 | D:3      | Paralysed by Grinder for 7 turns
  4500 | D:3      | Paralysed by Grinder for 5 turns
  4903 | D:3      | HP: 1/41 [Grinder (4)]
  4906 | D:3      | Killed Grinder
  4907 | D:3      | Reached skill level 5 in Unarmed Combat
  4907 | D:3      | Reached XP level 6. HP: 1/47 MP: 6/6
  5817 | D:4      | Found a sparkling altar of Nemelex Xobeh.
  5851 | D:4      | Reached skill level 6 in Unarmed Combat
  5973 | D:4      | Found a glowing drain.
  6282 | D:4      | Reached XP level 7. HP: 47/52 MP: 7/7
  6496 | D:4      | Found an ornate altar of the Wu Jian Council.
  6524 | D:5      | Entered Level 5 of the Dungeon
  6945 | D:5      | Found a staircase to the Ecumenical Temple.
  6956 | D:5      | Reached skill level 7 in Unarmed Combat
  7278 | D:5      | Noticed Sigmund
  7290 | D:5      | Killed Sigmund
  7291 | D:5      | Reached skill level 8 in Unarmed Combat
  7350 | D:5      | Paralysed by an orc for 6 turns
  7353 | D:5      | Slain by an ogre

Illustrated notes

Levels and vault maps discovered:
D:1:      dpeg_arrival_shelter, layout_rooms,
          hellmonk_ecumenical_altar_leap_of_faith, st_stairs_9,
          serial_bayou_lake_a
D:2:      layout_loops_cross, minmay_goblin_kobold_house
D:3:      wad_pebble_path, layout_basic, serial_aquarium, aquarium_bridge_square
          [aquarium_subvault_balcony, aquarium_subvault_bridge,
          aquarium_subvault_balcony, aquarium_subvault_window],
          aquarium_window_corridor_1, aquarium_window_fake,
          aquarium_window_corner, aquarium_window_1, aquarium_view_2b,
          aquarium_balcony_3b, uniq_robin, uniq_grinder, uniq_terence
D:4:      layout_cave_pools, mainiacjoe_overflow_swirl, gup_sewer_entry_glass,
          minmay_snake_closets
D:5:      layout_cave_pools, minmay_temple_entry_waves, sigmund_army

Skill      XL: |  1  2  3  4  5  6  7 |
---------------+----------------------+-----
Short Blades   | 2 |  2.5
Unarmed Combat | 1 3 5 6 8 |  8.0
Fighting       | |  3.0
Armour         | |  2.6
Shields        | |  2.6

Action                   |  1- 3 |  4- 6 |  7- 9 || total
-------------------------+-------+-------+-------++-------
Melee: Rapier            |   142 |    15 |       ||   157
       Unarmed           |       |   170 |    62 ||   232
Throw: Stone             |     8 |    16 |     3 ||    27
       Dart              |       |    18 |    21 ||    39
  Use: Potion            |     1 |     3 |     1 ||     5
       Scroll            |       |     8 |       ||     8
Armor: Scale mail        |    56 |    18 |       ||    74
       Skin              |       |     3 |       ||     3
       Chain mail        |       |    23 |    38 ||    61
Dodge: Dodged            |    71 |    70 |    15 ||   156
Block: Buckler           |    37 |    37 |    11 ||    85
